 Dungeon Crawl Stone Soup version 0.30-a0-335-ge5acde7520 (webtiles) character file.

Game seed: 7646274744214108913

1586 deliciousbreakfast the Ducker (level 8, -5/62 HPs)
             Began as a Vampire Hunter on Oct 31, 2022.
             Was an Initiate of Makhleb.
             Slain by a two-headed ogre
             ... wielding a +0 giant club
              (18 damage)
             ... on level 6 of the Dungeon.
             The game lasted 00:24:42 (4728 turns).

deliciousbreakfast the Ducker (Vampire Hunter)      Turns: 4728, Time: 00:24:42

Health: -5/62      AC: 10    Str: 10    XL:     8   Next: 61%
Magic:  8/8        EV: 10    Int: 14    God:    Makhleb [......]
Gold:   203        SH:  0    Dex: 17    Spells: 6/7 levels left

rFire   . . .      SeeInvis +    M - +0 war axe (venom)
rCold   . . .      Faith    .    (no shield)
rNeg    . . .      Spirit   .    S - +0 scale mail
rPois   .          Reflect  .    (no helmet)
rElec   .          Harm     .    i - +0 cloak
rCorr   .          Rampage  .    j - +0 pair of gloves
Will    .....                    k - +0 pair of boots
Stlth   +.........               (no amulet)
HPRegen 0.50/turn                (no ring)
MPRegen 0.11/turn                (no ring)

@: about to teleport, healing quickly
A: alive, fangs 3, see invisible, vampiric 2
a: Exsanguinate, Renounce Religion


You were on level 6 of the Dungeon.
You worshipped Makhleb.
Makhleb was noncommittal.
You visited 2 branches of the dungeon, and saw 7 of its levels.
You also visited: Sewer.

You collected 355 gold pieces.
You spent 152 gold pieces at shops.


Innate Abilities, Weirdness & Mutations

Your natural rate of healing is accelerated.
You have razor-sharp teeth.
You have supernaturally acute eyesight. (SInv)
You are afflicted with vampirism and can become a bat while bloodless.


   Skills:
 + Level 5.1 Fighting
 * Level 3.9 Axes
 - Level 3.2 Ranged Weapons
 + Level 4.0 Armour
 + Level 5.2 Dodging
 - Level 3.8 Stealth
 + Level 3.9 Summonings


You had 6 spell levels left.
You knew the following spells:

 Your Spells              Type           Power      Damage    Failure   Level
s - Summon Small Mammal   Summ           44%        N/A       34%         1

Your spell library contained the following spells:

 Spells                   Type           Power      Damage    Failure   Level
 Apportation              Tloc           0%         N/A       87%         1
 Necrotise                Necr           0%         1d4       87%         1

Inventory:

Hand Weapons
 a - a +0 shortbow
 t - a +0 war axe
   (You found it on level 2 of the Dungeon)
 C - a +1 dagger of venom
   (You took it off a kobold in a sewer)
 H - a +0 short sword of freezing
   (You took it off an orc on level 3 of the Dungeon)
 M - a +0 war axe of venom (weapon)
   (You bought it in a shop on level 4 of the Dungeon)
Missiles
 g - 2 curare-tipped darts {=f}
 r - 44 stones
 z - 2 throwing nets {=f!f}
 B - 25 poisoned darts
Armour
 c - a +0 ring mail
   (You took it off an orc priest on level 5 of the Dungeon)
 i - a +0 cloak (worn)
   (You found it on level 1 of the Dungeon)
 j - a +0 pair of gloves (worn)
   (You found it on level 1 of the Dungeon)
 k - a +0 pair of boots (worn)
   (You found it on level 1 of the Dungeon)
 l - a +0 leather armour
   (You took it off an orc on level 5 of the Dungeon)
 o - a +0 leather armour
   (You took it off an orc on level 5 of the Dungeon)
 q - a +0 ring mail
   (You took it off an orc priest on level 5 of the Dungeon)
 u - a +1 cloak
   (You found it on level 2 of the Dungeon)
 v - a +2 robe of willpower
   (You found it on level 2 of the Dungeon)
 w - a +0 helmet
   (You found it on level 3 of the Dungeon)
 y - a +0 leather armour
   (You found it on level 5 of the Dungeon)
 L - a scarf of shadows
   (You found it on level 4 of the Dungeon)
 O - a +0 ring mail
   (You found it on level 5 of the Dungeon)
 S - a +0 scale mail (worn)
   (You took it off an orc on level 4 of the Dungeon)
 T - a +0 leather armour
   (You found it on level 6 of the Dungeon)
 U - a +0 leather armour
   (You took it off a gnoll bouda on level 4 of the Dungeon)
 V - a +0 leather armour
   (You took it off an orc on level 4 of the Dungeon)
Magical Staves
 m - a staff of fire {!a}
   (You found it on level 1 of the Dungeon)
Wands
 W - a wand of charming (10)
   (You found it on level 4 of the Dungeon)
Scrolls
 b - a scroll of immolation {!r!r}
 e - 8 scrolls of identify {@r1}
 h - a scroll of vulnerability {!r!r}
 I - 2 scrolls of butterflies {unknown}
 K - a scroll of enchant armour {unknown}
 N - 2 scrolls of teleportation {@r4}
 P - a scroll of magic mapping {unknown}
 Q - 2 scrolls of blinking {!r}
 R - a scroll of fear {unknown}
 X - a scroll of enchant weapon {unknown}
 Y - a scroll of amnesia {unknown}
Potions
 d - 2 potions of might {unknown}
 f - 3 potions of lignification {!q}
 n - 3 potions of curing {@q1}
 p - a potion of cancellation {unknown}
 s - a potion of haste {@q3}
 x - a potion of degeneration {unknown}
 A - 2 potions of attraction {unknown}
 D - a potion of resistance {unknown}
 E - 3 potions of brilliance {unknown}
 F - a potion of magic
 G - 2 potions of heal wounds {@q2}
 J - a potion of berserk rage {unknown}

Dungeon Overview and Level Annotations

Branches:
Dungeon (6/15) Zot: 26064  Temple (1/1) D:6 Zot: 5945   Sewer (visited)

Altars:
Fedhas
Kikubaaqudgha
Makhleb
Ru
Trog
Uskayaw
Xom
Yredelemnul

Shops:
D:1 * D:4

* #.##. ##.##. .. ## #
##..##. . ..## #.##
#..##..
#.##..###..#####.##..#
#.............##....##
####.#...#.#.##.........
......#O#..#..####.#####
#....@......####.#####
##..#.#..............)
#.#...#.........#####
#........#.###.##
###....#.#..##..#
.................#
#...#.#####....#.#
....##.# ##..###.##
..##. #.# #.........


You could see a two-headed ogre.


Message History

😕 HP[-8]
You take 8 damage, and now have 53/62 hp.
You hit the scorpion but do no damage.
The scorpion looks as sick as possible!
You hit the scorpion.
The scorpion is poisoned.
The scorpion stings you but does no damage.
The scorpion closely misses you.
You slash the scorpion!
The scorpion looks as sick as possible!
You hit the scorpion.
The scorpion looks as sick as possible!
You kill the scorpion! x2 😕 HP[+1] No target in view!
No target in view!
You now have 195 gold pieces (gained 12).
A hound comes into view. 😎 HP[+8]
Your hp is fully restored (62).
A hound is nearby!
A hound is nearby!
The hound barks!
There is a stone staircase leading up here.
You hit the hound.
The hound is poisoned.
You punch the hound. The hound completely misses you. The hound misses you.
You barely miss the hound. You bite the hound. The hound bites you. x2 😕 HP[-5]
You take 5 damage, and now have 57/62 hp.
You closely miss the hound.
The hound bites you but does no damage. x2
You miss the hound. The hound closely misses you.
The hound bites you but does no damage. 😕 HP[+1]
You hit the hound.
You kill the hound!
Your Armour skill increases to level 4! 😕 HP[+1]
You now have 203 gold pieces (gained 8).
There is a stone staircase leading down here.
Found a stone staircase leading up. 😎 HP[+3]
Your hp is fully restored (62).
T - a +0 leather armour A sky beast comes into view.
You completely miss the sky beast.
The sky beast hits you but does no damage.
You closely miss the sky beast. The sky beast closely misses you.
You hit the sky beast.
The sky beast is poisoned.
The sky beast hits you but does no damage.
The sky beast closely misses you.
You hit the sky beast but do no damage.
The sky beast looks as sick as possible!
The sky beast hits you but does no damage.
You barely miss the sky beast.
The sky beast flickers out of sight for a moment.
The sky beast closely misses you.
The sky beast hits you but does no damage.
You hit the sky beast. The sky beast misses you.
You completely miss the sky beast.
The sky beast hits you but does no damage.
You hit the sky beast but do no damage.
The sky beast hits you but does no damage.
You barely miss the sky beast.
You kill the sky beast!
No target in view!
Found a stone staircase leading down.
Found an escape hatch in the floor.
Found a staircase to the Ecumenical Temple.
Y - a scroll labelled WUCZIDWOUPS A two-headed ogre comes into view.
It is wielding two +0 giant clubs.
The two-headed ogre shouts in stereo!
You hear a shout!
The two-headed ogre moves out of view.
There is a staircase to the Ecumenical Temple here.
You climb downwards.
Welcome to the Ecumenical Temple!
There is a staircase back to the Dungeon here.
Found a burning altar of Makhleb.
Found a hide-covered altar of Uskayaw.
Found a basalt altar of Yredelemnul.
Found a blossoming altar of Fedhas.
Found a bloodstained altar of Trog.
Found a sacrificial altar of Ru.
Found a glowing golden altar of the Shining One.
Found a shimmering altar of Xom.
There is a burning altar of Makhleb here.
You aren't carrying any pieces of jewellery.
You kneel at the altar of Makhleb.
You kneel at the altar of Makhleb.
Makhleb welcomes you!
(D) Dungeon (T) Temple
Where to? (Enter - Temple @ (x,y), ? - help)
There is a staircase back to the Dungeon here.
You climb upwards.
Welcome back to the Dungeon!
The two-headed ogre hits you with a +0 giant club!
The two-headed ogre hits you with a +0 giant club!!
There is a staircase to the Ecumenical Temple, spattered with blood here. 😮 HP[-28]
You take 28 damage, and now have 34/62 hp.
MASSIVE DAMAGE!! (PAUSE)
As you read the scroll of teleportation {@r4}, it crumbles to dust.
You feel strangely unstable.
The two-headed ogre hits you with a +0 giant club!!
* * * LOW HITPOINT WARNING * * *
The two-headed ogre hits you with a +0 giant club!!
You die...

Skill      XL: |  1  2  3  4  5  6  7  8 |
---------------+-------------------------+-----
Fighting       | 2 3 4 5 |  5.1
Stealth        | 2 3 |  3.8
Dodging        | 3 4 5 |  5.2
Summonings     | 1 2 3 |  3.9
Armour         | 1 2 3 4 |  4.0
Axes           | 1 2 3 |  3.9
Ranged Weapons | |  3.2

Action                   |  1- 3 |  4- 6 |  7- 9 || total
-------------------------+-------+-------+-------++-------
Melee: War axe           |       |    18 |   156 ||   174
       Dagger            |       |     8 |       ||     8
       Bite              |       |     1 |    16 ||    17
       Punch             |       |       |     3 ||     3
 Fire: Shortbow          |   105 |   175 |     2 ||   282
 Cast: Summon Small Mamm |       |     2 |     1 ||     3
  Use: Scroll            |       |     4 |     1 ||     5
       Potion            |       |     6 |       ||     6
Armor: Leather armour    |     6 |     2 |       ||     8
       Robe              |       |    51 |     3 ||    54
       Skin              |       |     2 |       ||     2
       Scale mail        |       |       |   101 ||   101
Dodge: Dodged            |    30 |   122 |    98 ||   250

Levels and vault maps discovered:
D:1:      eino_arrival_tree_alley, layout_rooms, serial_shops, shop,
          minmay_box_of_dots
D:2:      cheibrodos_helix_gallery, layout_basic
D:3:      layout_basic, mainiacjoe_overflow_surrounded_room,
          ebering_ecumenical_altar_petrified, portal_sewer_entry_c,
          kennysheep_generic_room_15
D:4:      minmay_bubble_buster, layout_loops_ring, serial_shops,
          nicolae_lakefront_shop
D:5:      layout_basic, nicolae_kikubaaqudgha_miasma_corner
D:6:      layout_rooms, minmay_temple_entry_crystal_x, supply_closet_lemuel
Temple:   hellmonk_temple_forest_ring

Notes
Turn   | Place    | Note
-------+----------+-------------------------------------------
     0 | D:1      | deliciousbreakfast the Vampire Hunter began the quest for
                  | the Orb.
     0 | D:1      | Reached XP level 1. HP: 16/16 MP: 1/1
     0 | D:1      | magus.rc [v1.11.3]
   113 | D:1      | Reached skill level 2 in Fighting
   134 | D:1      | Reached skill level 2 in Stealth
   144 | D:1      | Reached XP level 2. HP: 22/22 MP: 2/2
   312 | D:1      | Found Voule's Assorted Antiques.
   323 | D:1      | Bought a cyan potion for 18 gold pieces
   476 | D:1      | Gained mutation: You are afflicted with vampirism and can
                  | become a bat while bloodless. [Vampire growth]
   476 | D:1      | Reached XP level 3. HP: 27/28 MP: 3/3
   572 | D:2      | Reached skill level 3 in Stealth
   746 | D:2      | Reached skill level 3 in Fighting
   758 | D:2      | Reached skill level 3 in Dodging
   758 | D:2      | Reached XP level 4. HP: 29/35 MP: 4/4
  1231 | D:3      | Found a faded altar of an unknown god.
  1631 | D:3      | You pick up a book of Cantrips and begin reading...
  1631 | D:3      | You add the spells Necrotise, Summon Small Mammal and
                  | Apportation to your library.
  1637 | D:3      | Found a glowing drain.
  1671 | D:3      | Learned a level 1 spell: Summon Small Mammal
  1673 | Sewer    | Entered a sewer
  1739 | Sewer    | Noticed a kobold brigand
  1739 | Sewer    | Noticed a kobold brigand
  1920 | Sewer    | Noticed a kobold brigand
  1921 | Sewer    | Noticed a kobold brigand
  1934 | Sewer    | Killed a kobold brigand
  1935 | Sewer    | Reached skill level 1 in Summonings
  1935 | Sewer    | Reached XP level 5. HP: 27/42 MP: 5/5
  1943 | Sewer    | Reached skill level 1 in Armour
  2074 | Sewer    | Reached skill level 4 in Fighting
  2074 | Sewer    | Reached skill level 2 in Summonings
  2074 | Sewer    | Reached XP level 6. HP: 43/48 MP: 6/6
  2086 | Sewer    | HP: 12/72 [poisoned by a kobold brigand (curare-tipped
                  | dart)]
  2668 | D:4      | Found Loev Igo's General Store.
  2677 | D:4      | Bought a potion of curing for 33 gold pieces
  2677 | D:4      | Bought a potion of curing for 33 gold pieces
  2677 | D:4      | Bought a +0 war axe of venom for 68 gold pieces
  2713 | D:4      | Reached skill level 2 in Armour
  2891 | D:4      | Reached skill level 4 in Dodging
  2904 | D:4      | Reached skill level 1 in Axes
  2904 | D:4      | Reached XP level 7. HP: 54/55 MP: 7/7
  3527 | D:5      | Entered Level 5 of the Dungeon
  3683 | D:5      | Reached skill level 2 in Axes
  3683 | D:5      | Reached skill level 3 in Summonings
  3750 | D:5      | Reached skill level 3 in Armour
  3885 | D:5      | Reached XP level 8. HP: 57/61 MP: 8/8
  3944 | D:5      | Reached skill level 3 in Axes
  4086 | D:5      | Found an ancient bone altar of Kikubaaqudgha.
  4456 | D:5      | Reached skill level 5 in Fighting
  4510 | D:5      | Reached skill level 5 in Dodging
  4578 | D:6      | Reached skill level 4 in Armour
  4664 | D:6      | Found a staircase to the Ecumenical Temple.
  4669 | D:6      | Noticed a two-headed ogre
  4672 | Temple   | Entered the Ecumenical Temple
  4718 | Temple   | Became a worshipper of Makhleb the Destroyer
  4728 | D:6      | HP: 13/62 [two-headed ogre/+0 giant club (22)]
  4728 | D:6      | Slain by a two-headed ogre

Vanquished Creatures
  A black bear (D:4)
  A sky beast (D:6)
  An ice beast (D:5)
  An ogre (D:5)
  A phantom (D:4)
  4 kobold brigands (Sewer)
  A bullfrog (D:5)
  A gnoll sergeant (D:5)
  4 scorpions
  A howler monkey (D:5)
  2 orc priests (D:5)
  3 hounds
  A gnoll bouda (D:4)
  An orc wizard (D:4)
  4 gnolls (D:5)
  9 adders
  2 river rats (D:3)
  A shadow imp (D:5)
  An ufetubus (D:5)
  2 worms
  2 dart slugs (D:1)
  10 orcs
  10 endoplasms
  6 giant cockroaches
  3 goblins
  13 hobgoblins
  6 jackals
  3 quokkas
  14 ball pythons
  8 bats
  5 frilled lizards
  11 kobolds
  6 rats
139 creatures vanquished.

Vanquished Creatures (others)
  A fungus (Sewer)
  7 plants (Sewer)
  2 withered plants (D:3)
10 creatures vanquished.

Grand Total: 149 creatures vanquished

Table legend:
 A = Non-vault XP
 B = Vault XP
 C = Vault XP percentage of total XP
 D = Non-vault monster count
 E = Vault monster count
 F = Vault count percentage of total count
                 A         B        C        D         E       F
            +---------+---------+-------+---------+---------+-------
      Total |    1451 |     816 |  36.0 |      89 |      50 |  36.0
            +---------+---------+-------+---------+---------+-------
        D:1 |      34 |       9 |  20.9 |      21 |       4 |  16.0
        D:2 |      58 |       4 |   6.5 |      19 |       2 |   9.5
        D:3 |      52 |      35 |  40.2 |      13 |       8 |  38.1
        D:4 |      71 |     359 |  83.5 |       6 |      15 |  71.4
        D:5 |     891 |       0 |   0.0 |      26 |       0 |   0.0
        D:6 |     345 |       0 |   0.0 |       4 |       0 |   0.0
      Sewer |       0 |     409 | 100.0 |       0 |      21 | 100.0
            +---------+---------+-------+---------+---------+-------

Illustrated notes

Table legend:
 A = Kills in this place as a percentage of kills in entire the game.
 B = Kills by you in this place as a percentage of kills by you in the entire game.
 C = Kills by friends in this place as a percentage of kills by friends in the entire game.
 D = Other kills in this place as a percentage of other kills in the entire game.
 E = Experience gained in this place as a percentage of experience gained in the entire game.
 F = Experience gained in this place divided by the number of levels of this place that you have seen.
                   A       B       C       D       E      F
               +-------+-------+-------+-------+-------+----------------------
         Total | 100.0 | 100.0 |   N/A |   N/A | 100.0 | 283.4
       Dungeon |  84.9 |  84.9 |   N/A |   N/A |  82.0 | 309.7
         Sewer |  15.1 |  15.1 |   N/A |   N/A |  18.0 | 409.0
               +-------+-------+-------+-------+-------+----------------------

Table legend: (Time is in decaauts)
 A = Elapsed time spent in this place.
 B = Non-inter-level travel time spent in this place.
 C = Inter-level travel time spent in this place.
 D = Time resting spent in this place.
 E = Time spent auto-exploring this place.
 F = Levels seen in this place.
 G = Mean time per level.
                   A        B        C        D        E       F      G
               +--------+--------+--------+--------+--------+-----+--------+
         Total |   4929 |   4588 |    341 |      0 |   3139 |   8 |  616.1 |
       Dungeon |   4286 |   3966 |    320 |      0 |   2932 |   6 |  714.3 |
        Temple |     54 |     33 |     21 |      0 |     24 |   1 |   54.0 |
         Sewer |    588 |    588 |      0 |      0 |    182 |   1 |  588.0 |
               +--------+--------+--------+--------+--------+-----+--------+

Top non-repeatable levels by time:
     D:4: 1124 daAuts
     D:3: 922 daAuts
     D:5: 884 daAuts
     D:2: 660 daAuts
   Sewer: 588 daAuts
     D:1: 551 daAuts
     D:6: 143 daAuts
  Temple: 54 daAuts
